 Dungeon Crawl Stone Soup version 0.26-b1-32-g5d43845318 (webtiles) character file.

Game seed: 13287795161208149111

648 MTVSty1e the Chopper (level 7, -15/45 HPs)
             Began as a Gargoyle Fighter on Jan 11, 2021.
             Demolished by an ogre
             ... wielding a +0 giant club
              (17 damage)
             ... on level 4 of the Dungeon.
             The game lasted 00:04:16 (3096 turns).

MTVSty1e the Chopper (Gargoyle Fighter)             Turns: 3096, Time: 00:04:16

Health: -15/45     AC: 12    Str: 21    XL:     7   Next: 53%
Magic:  7/7        EV:  7    Int:  9    God:
Gold:   247        SH:  9    Dex:  9    Spells: 6/6 levels left

rFire    . . .     SeeInvis .   a - +0 war axe
rCold    . . .     Faith    .   c - +0 kite shield
rNeg     + . .     Spirit   .   b - +0 scale mail
rPois    ∞         Reflect  .   n - +1 hat
rElec    +         Harm     .   (no cloak)
rCorr    .         Rampage  .   (no gloves)
Will     .....                  (no boots)
Stlth    ..........             (no amulet)
HPRegen  0.15/turn              (no ring)
MPRegen  0.10/turn              (no ring)

@: brilliant
A: negative energy resistance 1, electricity resistance, unbreathing,
petrification resistance, miasma immunity, AC +4
a: no special abilities


You were on level 4 of the Dungeon.
You visited 1 branch of the dungeon, and saw 4 of its levels.

You collected 247 gold pieces.

Inventory:

Hand Weapons
 a - a +0 war axe (weapon)
Armour
 b - a +0 scale mail (worn)
 c - a +0 kite shield (worn)
 n - a +1 hat (worn)
Jewellery
 t - an uncursed amulet of faith
Scrolls
 h - 3 scrolls of remove curse
 j - 2 scrolls of identify
 k - a scroll of fear {unknown}
 l - a scroll of magic mapping {unknown}
 m - a scroll of teleportation {unknown}
 r - a scroll of immolation {unknown}
Potions
 d - a potion of might
 g - 3 potions of curing
 i - a potion of magic {unknown}
 o - a potion of attraction {unknown}
 p - 2 potions of ambrosia {unknown}
 q - a potion of brilliance
 s - 2 potions of berserk rage {unknown}
 u - a potion of degeneration {unknown}


   Skills:
 + Level 5.9 Fighting
 * Level 6.2 Axes
 - Level 3.2 Armour
 - Level 3.2 Shields


You had 6 spell levels left.
You didn't know any spells.
Your spell library contained the following spells:

 Spells                   Type           Power        Failure   Level
 Beastly Appendage        Tmut           0%           99%         1
 Wereblood                Tmut           0%           100%        2
 Spider Form              Tmut/Pois      0%           100%        3
 Ice Form                 Ice/Tmut       0%           100%        4
 Blade Hands              Tmut           0%           100%        5


Dungeon Overview and Level Annotations

Branches:
Dungeon (4/15)
 Temple: D:4-7

Altars:
Makhleb


Innate Abilities, Weirdness & Mutations

You are resistant to torment.
Your stone body is resilient. (AC +4)
You are immune to poison.
You resist negative energy. (rN+)
You are resistant to electric shocks. (rElec)
You can survive without breathing.
You are immune to petrification.
You are immune to miasma.


Message History

The ogre hits you with a +0 giant club!!
* * * LOW HITPOINT WARNING * * *
You are too injured to fight recklessly!
You are too injured to fight recklessly!
You are too injured to fight recklessly!
You are too injured to fight recklessly!
You are too injured to fight recklessly!
You are too injured to fight recklessly!
You are too injured to fight recklessly!
You are too injured to fight recklessly!
You are too injured to fight recklessly!
You are too injured to fight recklessly!
You are too injured to fight recklessly!
You are too injured to fight recklessly!
You are too injured to fight recklessly!
You are too injured to fight recklessly!
It was a potion of brilliance.
You feel clever all of a sudden. The ogre hits you with a +0 giant club!
You die...

#.#####'######....######.#.#..#.
#.........# #.............#..#.
#.........# #...#######>#.#....
#.........# #...# #.#.#....
#.#####'### #...### #.#.#....
........######..... ..#.#..#.
#<#####..........#########.#..#.
#.#####...##..........#....#..#.
#........(.'...@O.....####.#....
############..........# #.#..#.
#####+###### #...... ###.##.
#.##. #.##. #.##. #.... #..#.


You could see an ogre.

Vanquished Creatures
  Eustachio (D:4)
  A phantom (D:4)
  A water moccasin skeleton (D:4)
  A scorpion (D:4)
  A hound (D:3)
  An orc priest (D:3)
  Jessica (D:3)
  Natasha (thrice) (D:3)
  An orc wizard (D:3)
  3 adders
  An ufetubus (D:2)
  An adder skeleton (D:4)
  2 worms
  A dart slug (D:1)
  2 leopard geckos (D:3)
  9 orcs
  2 ball pythons (D:2)
  3 giant cockroaches
  5 goblins
  11 hobgoblins
  8 jackals
  5 kobolds
  A quokka (D:3)
  7 bats
  8 frilled lizards
  A quokka skeleton (D:3)
  7 rats
88 creatures vanquished.

Notes
Turn   | Place    | Note
-------+----------+-------------------------------------------
     0 | D:1      | MTVSty1e the Gargoyle Fighter began the quest for the Orb.
     0 | D:1      | Reached XP level 1. HP: 14/14 MP: 1/1
    94 | D:1      | Reached skill level 2 in Axes
   103 | D:1      | Reached XP level 2. HP: 14/19 MP: 2/2
   507 | D:1      | Reached XP level 3. HP: 20/24 MP: 3/3
   948 | D:2      | Reached skill level 3 in Axes
  1113 | D:2      | Reached XP level 4. HP: 27/29 MP: 4/4
  1612 | D:3      | Reached skill level 4 in Axes
  1612 | D:3      | Reached XP level 5. HP: 29/34 MP: 5/5
  1814 | D:3      | Noticed Jessica
  1819 | D:3      | Noticed Natasha
  1821 | D:3      | Killed Natasha
  1822 | D:3      | Killed Jessica
  2015 | D:3      | Noticed Natasha
  2029 | D:3      | Killed Natasha
  2031 | D:3      | Noticed Natasha
  2039 | D:3      | Killed Natasha
  2040 | D:3      | Reached XP level 6. HP: 26/40 MP: 6/6
  2172 | D:3      | Reached skill level 5 in Fighting
  2266 | D:3      | Found a burning altar of Makhleb.
  2279 | D:3      | Reached skill level 5 in Axes
  2340 | D:4      | Noticed a phantom
  2468 | D:4      | Noticed Eustachio
  2530 | D:4      | Killed Eustachio
  2531 | D:4      | Reached XP level 7. HP: 25/45 MP: 7/7
  2783 | D:4      | Reached skill level 6 in Axes
  3095 | D:4      | HP: 2/45 [ogre/+0 giant club (22)]
  3096 | D:4      | Demolished by an ogre

Illustrated notes

Levels and vault maps discovered:
D:1:      minmay_arrival_split_and_join, layout_loops_ring
D:2:      layout_basic
D:3:      layout_rooms, serial_glass, glass_columns_c, glass_columns_a,
          feat_on_display, kennysheep_cross_room, makhleb_heckhound_becter,
          uniq_natasha, uniq_jessica
D:4:      layout_basic, tgw_trog, uniq_eustachio

Skill      XL: |  1  2  3  4  5  6  7 |
---------------+----------------------+-----
Axes           | 2 3 4 5 6 |  6.2
Fighting       | 4 5 |  5.9
Armour         | |  3.2
Shields        | |  3.2

Action                   |  1- 3 |  4- 6 |  7- 9 || total
-------------------------+-------+-------+-------++-------
Melee: War axe           |    95 |   203 |    38 ||   336
  Use: Scroll            |       |     1 |     3 ||     4
       Potion            |       |       |     1 ||     1
Armor: Scale mail        |    58 |   149 |    13 ||   220
Dodge: Dodged            |    36 |    72 |     5 ||   113
Block: Kite shield       |    73 |   108 |    15 ||   196
